 Dungeon Crawl Stone Soup version 0.29-a0-557-g43b9904bd1 (webtiles) character file.

Game seed: 17273711299748736619

88 DocClef the Covert (level 4, -10/41 HPs)
             Began as a Gnoll Delver on June 8, 2022.
             Mangled by an ice beast (13 damage)
             ... on level 5 of the Dungeon.
             The game lasted 00:00:18 (554 turns).

DocClef the Covert (Gnoll Delver)                    Turns: 554, Time: 00:00:19

Health: -10/41     AC:  3    Str: 11    XL:     4   Next: 54%
Magic:  5/5        EV: 13    Int:  9    God:
Gold:   28         SH:  0    Dex: 16    Spells: 5/5 levels left

rFire   . . .      SeeInvis .   a - +0 short sword
rCold   . . .      Faith    .   (no shield)
rNeg    . . .      Spirit   .   b - +0 leather armour
rPois   .          Reflect  .   (no helmet)
rElec   .          Harm     .   (no cloak)
rCorr   .          Rampage  .   (no gloves)
Will    .....                   (no boots)
Stlth   ++++......              (no amulet)
HPRegen 0.13/turn               (no ring)
MPRegen 0.09/turn               (no ring)

@: no status effects
A: fangs 1, strong nose, distributed training
a: no special abilities


You were on level 5 of the Dungeon.
You visited 1 branch of the dungeon, and saw 1 of its levels.

You collected 28 gold pieces.

Inventory:

Hand Weapons
 a - a +0 short sword (weapon)
Armour
 b - a +0 leather armour (worn)
Wands
 g - a wand of digging (3)
Scrolls
 c - a scroll of fog
 d - a scroll of magic mapping
 e - 2 scrolls of fear
 h - a scroll of blinking {unknown}
 i - a scroll of amnesia {unknown}
 j - a scroll of poison {unknown}
Potions
 f - a potion of haste


   Skills:
 + Level 6.6 Fighting
 + Level 4.6 Short Blades
 + Level 1.2 Long Blades
 + Level 1.2 Axes
 + Level 1.2 Maces & Flails
 + Level 1.2 Polearms
 + Level 1.2 Staves
 + Level 1.2 Slings
 + Level 1.2 Bows
 + Level 1.2 Crossbows
 + Level 1.2 Throwing
 + Level 1.2 Armour
 + Level 4.6 Dodging
 + Level 9.6 Stealth
 + Level 1.2 Shields
 + Level 1.2 Unarmed Combat
 + Level 1.2 Spellcasting
 + Level 1.0 Conjurations
 + Level 1.0 Hexes
 + Level 1.0 Summonings
 + Level 1.0 Necromancy
 + Level 1.0 Translocations
 + Level 1.0 Transmutations
 + Level 1.0 Fire Magic
 + Level 1.0 Ice Magic
 + Level 1.0 Air Magic
 + Level 1.0 Earth Magic
 + Level 1.0 Poison Magic
 + Level 1.3 Invocations
 + Level 1.2 Evocations


You had 5 spell levels left.
You didn't know any spells.
Your spell library was empty.

Dungeon Overview and Level Annotations

Branches:
Dungeon (5/15)
 Temple: D:4-7

Altars:


Innate Abilities, Weirdness & Mutations

You have very sharp teeth.
Your uncanny sense of smell can sniff out nearby items.
Your experience applies equally to all skills.


Message History

The ice beast is lightly wounded.
The ice beast closely misses you.
You hit the ice beast.
The ice beast is lightly wounded.
The ice beast hits you. The ice beast freezes you!
You closely miss the ice beast.
The ice beast is lightly wounded.
You hit the ice beast but do no damage.
The ice beast is lightly wounded.
The ice beast misses you.
You hit the ice beast.
The ice beast is moderately wounded.
The ice beast hits you. The ice beast freezes you!
* * * LOW HITPOINT WARNING * * *
Unknown command.
You hit the ice beast.
The ice beast is heavily wounded.
The ice beast misses you.
You hit the ice beast. Your bite misses the ice beast.
The ice beast is heavily wounded.
The ice beast barely misses you.
Unknown command.
You hit the ice beast but do no damage.
The ice beast is heavily wounded.
The ice beast misses you.
Unknown command.
You completely miss the ice beast.
The ice beast is heavily wounded.
The ice beast hits you but does no damage.
You closely miss the ice beast.
The ice beast is heavily wounded.
The ice beast barely misses you.
Unknown command.
You hit the ice beast.
You bite the ice beast, but do no damage.
The ice beast is heavily wounded.
The ice beast hits you.
* * * LOW HITPOINT WARNING * * *
The ice beast freezes you!
You die...

..######## #. #........# .. #.
#........# # .###.##........#..
......#...........
...............# #
...........Y...# # ##
#......@....##. #.
......###.##.#########.# #. #.#
#........# #.# #. #.# #####'####
#.# #. ##.## ##...## ##.## #.
....# ##.....## ###...## #.
....###.......# ##......# #.
....##.........####......#######.
.....'.........+.................


You could see an ice beast.

Vanquished Creatures
  2 hounds (D:5)
  An iguana (D:5)
3 creatures vanquished.

Notes
Turn   | Place    | Note
-------+----------+-------------------------------------------
     0 | D:5      | Reached skill level 9 in Stealth
     0 | D:5      | DocClef the Gnoll Delver began the quest for the Orb.
     0 | D:5      | Reached XP level 1. HP: 23/23 MP: 1/1
    48 | D:5      | Noticed a hound
    66 | D:5      | Killed a hound
    67 | D:5      | Reached XP level 2. HP: 3/29 MP: 2/2
    67 | D:5      | Reached XP level 3. HP: 3/35 MP: 3/3
   427 | D:5      | Reached skill level 1 in Long Blades
   427 | D:5      | Reached skill level 1 in Axes
   427 | D:5      | Reached skill level 1 in Maces & Flails
   427 | D:5      | Reached skill level 1 in Polearms
   427 | D:5      | Reached skill level 1 in Staves
   427 | D:5      | Reached skill level 1 in Slings
   427 | D:5      | Reached skill level 1 in Bows
   427 | D:5      | Reached skill level 1 in Crossbows
   427 | D:5      | Reached skill level 1 in Throwing
   427 | D:5      | Reached skill level 1 in Armour
   427 | D:5      | Reached skill level 1 in Shields
   427 | D:5      | Reached skill level 1 in Unarmed Combat
   427 | D:5      | Reached skill level 1 in Spellcasting
   427 | D:5      | Reached skill level 1 in Invocations
   427 | D:5      | Reached skill level 1 in Evocations
   427 | D:5      | Reached XP level 4. HP: 41/41 MP: 3/5
   513 | D:5      | Reached skill level 1 in Conjurations
   513 | D:5      | Reached skill level 1 in Hexes
   513 | D:5      | Reached skill level 1 in Summonings
   513 | D:5      | Reached skill level 1 in Necromancy
   513 | D:5      | Reached skill level 1 in Translocations
   513 | D:5      | Reached skill level 1 in Transmutations
   513 | D:5      | Reached skill level 1 in Fire Magic
   513 | D:5      | Reached skill level 1 in Ice Magic
   513 | D:5      | Reached skill level 1 in Air Magic
   513 | D:5      | Reached skill level 1 in Earth Magic
   513 | D:5      | Reached skill level 1 in Poison Magic
   537 | D:5      | Noticed an ice beast
   554 | D:5      | Mangled by an ice beast

Illustrated notes

Levels and vault maps discovered:
D:5:      layout_loops_corners, mainiacjoe_overflow_paths

Skill      XL: |  1  2  3  4 |
---------------+-------------+-----
Stealth        | |  9.6
Long Blades    | 1 |  1.2
Axes           | 1 |  1.2
Maces & Flails | 1 |  1.2
Polearms       | 1 |  1.2
Staves         | 1 |  1.2
Slings         | 1 |  1.2
Bows           | 1 |  1.2
Crossbows      | 1 |  1.2
Throwing       | 1 |  1.2
Armour         | 1 |  1.2
Shields        | 1 |  1.2
Unarmed Combat | 1 |  1.2
Spellcasting   | 1 |  1.2
Invocations    | 1 |  1.3
Evocations     | 1 |  1.2
Conjurations   | 1 |  1.0
Hexes          | 1 |  1.0
Summonings     | 1 |  1.0
Necromancy     | 1 |  1.0
Translocations | 1 |  1.0
Transmutations | 1 |  1.0
Fire Magic     | 1 |  1.0
Ice Magic      | 1 |  1.0
Air Magic      | 1 |  1.0
Earth Magic    | 1 |  1.0
Poison Magic   | 1 |  1.0
Fighting       | |  6.6
Short Blades   | |  4.6
Dodging        | |  4.6

Action                   |  1- 3 |  4- 6 || total
-------------------------+-------+-------++-------
Melee: Short sword       |    17 |    13 ||    30
       Bite              |     2 |     2 ||     4
 Stab: Sleeping          |     1 |     1 ||     2
Armor: Leather armour    |     4 |     1 ||     5
Dodge: Dodged            |     7 |     6 ||    13

Table legend: (Time is in decaauts)
 A = Elapsed time spent in this place.
 B = Non-inter-level travel time spent in this place.
 C = Inter-level travel time spent in this place.
 D = Time resting spent in this place.
 E = Time spent auto-exploring this place.
 F = Levels seen in this place.
 G = Mean time per level.
                   A        B        C        D        E       F      G
               +--------+--------+--------+--------+--------+-----+--------+
         Total |    550 |    550 |      0 |    284 |    218 |   1 |  550.0 |
       Dungeon |    550 |    550 |      0 |    284 |    218 |   1 |  550.0 |
               +--------+--------+--------+--------+--------+-----+--------+

Top non-repeatable levels by time:
     D:5: 550 daAuts
